Map: Traitor's Exile

Players

Kolawa

  • Race: Zerg Zerg
  • League: Silver
  • Spawn Location: 12:00

Timmyfish

  • Race: Terran Terran
  • League: Platinum
  • Spawn Location: 9:00

OpuS - Winner!

  • Race: Protoss Protoss
  • League: Platinum
  • Spawn Location: 5:00

Sketchaphone - Winner!

  • Race: Zerg Zerg
  • League: Platinum
  • Spawn Location: 6:00

VOD

Have the link to the VOD?

Description

Time

  • Played on: Feb. 16, 2019, 11:32 p.m.
  • Length: 14:27
Show
View Real Time Build Order
Export as new Build Order

Kolawa Zerg 

Build Orders: Hatch First 

Get SALT Encoding   

  12  0:08  Overlord  
  12  0:13  Drone  
  13  0:18  Drone  
  14  0:26  Drone  
  15  0:30  Drone  
  16  0:40  Drone  
  17  0:57  Hatchery  
  16  0:59  Drone  
  16  1:03  Drone  
  18  1:13  Drone  
  19  1:20  Spawning Pool  
  19  1:22  Extractor  
  19  1:24  Drone  
  18  1:34  Drone  
  19  1:47  Drone  
  20  1:58  Drone  
  21  2:06  Drone  
  22  2:08  Drone  
  22  2:14  Queen x2  
  27  2:23  Metabolic Boost  
  27  2:24  Roach Warren  
  27  2:27  Overlord  
  26  2:50  Drone  
  27  2:54  Drone  
  27  2:55  Drone x4  
  32  3:11  Overlord  
  32  3:12  Overlord x2  
  32  3:28  Overlord x2  
  32  3:30  Drone  
  33  3:41  Zergling x4  
  35  3:47  Drone x2  
  35  3:48  Drone x4  
  41  3:54  Lair  
  41  3:56  Drone  
  42  4:05  Zergling x4  
  44  4:11  Zergling x2  
  42  4:21  Zergling x6  
  42  4:23  Overlord  
  42  4:24  Overlord  
  38  4:48  Roach x2  
  39  4:55  Roach  
  36  5:06  Zergling x2  
  34  5:07  Hatchery  
  31  5:16  Roach  
  28  5:21  Roach  
  28  5:22  Roach x2  
  31  5:31  Drone  
  27  5:46  Drone  
  28  5:50  Drone x3  
  28  5:53  Queen  
  33  6:02  Drone  
  32  6:11  Roach  
  35  6:22  Roach  
  36  6:26  Drone  
  36  6:35  Roach  
  38  6:46  Roach  
  37  7:10  Drone x2  
  39  7:22  Drone x3  
  42  7:32  Hatchery  
  42  7:33  Hatchery, Drone  
  41  7:41  Drone  
  43  7:44  Drone x3  
  45  7:55  Drone  
  46  8:00  Drone  
  43  8:32  Drone x3  
  44  8:38  Hatchery  
  41  8:43  Drone x2  
  41  8:44  Drone x2  
  41  8:47  Drone x2  
  47  8:53  Drone  
  48  8:58  Drone x2  
  48  8:59  Extractor  
  48  9:00  Infestation Pit, Drone  
  49  9:04  Queen  
  49  9:08  Queen  
  53  9:13  Overlord  
  53  9:17  Drone x2  
  53  9:19  Drone  
  53  9:22  Drone  
  53  9:23  Drone  
  58  9:29  Drone x2  
  54  9:51  Drone  
  54  9:52  Drone x4  
  59  9:53  Drone x3  
  59  9:55  Overlord  
  62  10:01  Hive  
  62  10:02  Zergling x2  
  62  10:03  Zergling x10  
  68  10:08  Drone  
  69  10:17  Zergling x2  
  69  10:18  Zergling x4  
  72  10:23  Zergling x8  
  76  10:30  Zergling x6  
  76  10:31  Zergling x2  
  76  10:33  Zergling x2  
  76  10:34  Zergling x4  
  83  10:41  Zergling x2  
  81  10:46  Zergling x6  
  81  10:47  Zergling x4  
  74  10:57  Zergling x4  
  74  10:58  Zergling x10  
  66  11:18  Zergling x4  
  66  11:19  Zergling x18  
  66  11:20  Zergling x4  
  79  11:26  Zergling x2  
  79  11:27  Zergling x6  
  83  11:33  Zergling x2  
  79  11:44  Zergling x6  
  75  12:07  Zergling x8  
  75  12:08  Zergling x2  
  72  12:22  Zergling x2  
  55  12:23  Zergling x20  
  53  12:31  Ultralisk Cavern  
  53  12:35  Zergling x6  
  45  12:47  Zergling x6  
  38  12:53  Zergling x6  
  31  13:07  Zergling x4  
  31  13:08  Zergling x4  
  19  13:35  Zergling x10  
Show
View Real Time Build Order
Export as new Build Order

Timmyfish Terran 

Build Orders: Reaper Expand 

Get SALT Encoding   

  12  0:01  SCV  
  13  0:13  SCV  
  14  0:18  Supply Depot  
  14  0:25  SCV  
  15  0:40  SCV  
  15  0:41  Barracks  
  16  0:46  Refinery  
  16  0:55  SCV  
  17  1:07  SCV  
  18  1:19  SCV  
  19  1:29  Reaper  
  19  1:31  Orbital Command  
  20  1:43  Command Center  
  20  1:54  Barracks  
  20  1:58  SCV  
  21  2:02  Barracks Reactor  
  21  2:10  Supply Depot  
  22  2:15  SCV  
  22  2:27  SCV  
  23  2:38  Factory  
  23  2:40  Marine x2, Refinery  
  23  2:42  Barracks Tech Lab  
  25  2:54  SCV  
  25  2:58  Marine x2  
  27  3:06  SCV  
  27  3:10  Marine  
  27  3:12  Stimpack  
  29  3:16  Marine x2  
  29  3:18  Orbital Command, SCV  
  32  3:30  SCV  
  32  3:31  Starport  
  33  3:37  Factory Reactor  
  33  3:41  Marine x2  
  34  3:42  SCV  
  34  3:46  SCV  
  34  3:47  Marine  
  38  3:57  SCV  
  38  3:58  SCV  
  38  3:59  Marine x2  
  42  4:05  Marine  
  43  4:23  Marine  
  44  4:27  Factory Tech Lab  
  44  4:39  Marine x2  
  46  5:05  Supply Depot  
  46  5:07  Barracks, Marine  
  46  5:09  Barracks  
  46  5:10  Barracks, SCV x2  
  46  5:13  Medivac  
  46  5:15  Medivac  
  44  5:22  SCV  
  44  5:23  Marine x2  
  44  5:25  Marine  
  46  5:30  Siege Tank  
  46  5:33  Combat Shield  
  49  5:38  Supply Depot x2  
  49  5:41  Marine x2  
  51  5:43  Marine, Supply Depot x2  
  52  5:54  SCV x2  
  54  6:00  Marine x2  
  54  6:01  Marine  
  57  6:05  Starport Reactor  
  57  6:06  SCV  
  57  6:07  Siege Tank  
  57  6:08  SCV  
  57  6:10  Refinery  
  62  6:17  Marine x2  
  64  6:18  SCV  
  64  6:19  Marine  
  64  6:20  SCV  
  67  6:30  SCV  
  67  6:32  SCV  
  70  6:35  Marine x2  
  70  6:39  Siege Tank  
  69  6:42  Barracks Reactor, Marine x2  
  46  7:03  Marine  
  46  7:04  Marine x3  
  46  7:05  SCV x2  
  50  7:15  Siege Tank  
  53  7:17  SCV x2  
  53  7:18  Marine  
  53  7:19  Marine  
  53  7:21  Marine x2  
  53  7:22  Marine  
  60  7:24  Marine  
  60  7:29  SCV x2  
  63  7:36  Marine x2  
  65  7:46  Marine x3  
  65  7:47  Marine  
  69  8:02  Marine x2  
  71  8:16  Marine  
  71  8:17  Marine x3  
  70  8:23  Marine x2  
  70  8:25  Siege Tank  
  70  8:26  Medivac x2  
  70  8:34  Marine x2  
  70  8:35  Marauder  
  70  8:36  Marine  
  70  8:41  Marine x2  
  75  8:52  Marine x2  
  74  8:55  Marine  
  74  8:56  Marine  
  74  8:57  Siege Tank  
  74  8:59  Marine  
  74  9:00  Marine  
  74  9:02  SCV x2  
  76  9:10  Marine  
  76  9:11  Medivac, Marine  
  76  9:12  Medivac  
  76  9:13  Marine  
  81  9:20  SCV x2  
  69  9:32  SCV  
  55  9:47  Marine x3  
  55  9:48  Marine x3  
  55  9:49  Siege Tank  
  55  9:50  Medivac  
  66  10:02  SCV x2  
  66  10:05  Marine x2  
  70  10:14  SCV  
  71  10:20  Liberator  
  71  10:21  Siege Tank  
  68  10:26  Marine x3  
  69  10:33  Marine x2  
  70  10:38  Marine  
  70  10:39  SCV  
  70  10:40  SCV  
  76  10:44  Marine  
  77  10:53  Siege Tank  
  77  11:08  Marine x6  
  58  11:25  Marine  
  58  11:26  Marine x5  
  58  11:34  Liberator  
  48  11:43  Marine x3  
  48  11:44  Marine  
  48  11:45  Marine x2  
  48  11:46  Siege Tank  
  57  11:47  Orbital Command  
  60  12:11  Marine x3  
  60  12:12  Marine  
  63  12:18  Marine x2  
  61  12:34  Marine x2  
  61  12:35  Marine x2  
  58  12:52  Marine x3  
  60  13:06  Marine x3  
  59  13:15  Marine x2  
  59  13:16  Marine  
  62  13:28  Marine x3  
  63  13:45  Orbital Command  
  63  13:47  Marine x3  
  39  13:56  Marine  
  39  13:57  Marine x2  
  34  14:04  Marine  
  33  14:12  SCV  
Show
View Real Time Build Order
Export as new Build Order

OpuS Protoss - Winner!

Build Orders:  

Get SALT Encoding   

  12  0:01  Probe  
  13  0:13  Probe  
  14  0:25  Pylon  
  14  0:26  Probe  
  15  0:43  Probe  
  15  0:49  Gateway  
  16  0:51  Probe  
  16  0:52  Assimilator  
  17  0:59  Probe  
  17  1:00  Assimilator  
  18  1:09  Probe  
  18  1:17  Probe  
  19  1:20  Gateway  
  20  1:25  Probe  
  21  1:38  Cybernetics Core  
  21  1:44  Pylon  
  22  1:47  Probe  
  22  2:00  Probe  
  23  2:14  Warp Gate  
  23  2:15  Stalker x2  
  26  2:25  Probe  
  25  2:46  Probe  
  25  2:54  Probe  
  25  2:58  Nexus  
  25  2:59  Stalker  
  25  3:01  Stalker  
  30  3:08  Pylon  
  30  3:20  Robotics Facility  
  30  3:34  Probe  
  31  3:42  Probe  
  31  3:46  Adept, Gateway  
  34  3:50  Adept  
  36  4:06  Probe  
  37  4:18  Probe  
  37  4:23  Probe, Immortal  
  43  4:27  Pylon  
  43  4:30  Probe  
  44  4:47  Adept x3  
  44  4:48  Probe  
  44  4:49  Probe  
  52  5:07  Robotics Bay  
  52  5:18  Immortal  
  50  5:30  Probe x2  
  50  5:32  Adept  
  50  5:33  Adept x2  
  56  5:39  Gateway  
  56  5:42  Probe x2  
  58  5:51  Pylon  
  58  5:53  Pylon  
  58  5:54  Probe x2  
  60  6:06  Probe x2  
  62  6:11  Stalker  
  62  6:12  Stalker x2  
  68  6:18  Probe x2  
  68  6:20  Extended Thermal Lance  
  70  6:34  Colossus  
  70  6:40  Probe x2  
  78  6:56  Assimilator  
  78  6:59  Pylon, Probe x2  
  78  7:00  Pylon  
  70  7:02  Pylon, Assimilator  
  70  7:04  Pylon  
  70  7:06  Pylon  
  56  7:11  Probe  
  57  7:18  Pylon  
  57  7:22  Twilight Council  
  57  7:25  Stalker x3  
  57  7:26  Stalker  
  65  7:37  Probe x2  
  65  7:49  Zealot  
  65  7:50  Zealot x3  
  71  8:02  Charge  
  71  8:08  Gateway  
  71  8:10  Gateway  
  71  8:12  Gateway  
  71  8:14  Gateway  
  71  8:15  Adept x3  
  71  8:16  Adept  
  77  8:31  Colossus  
  65  8:37  Adept x4  
  61  9:01  Adept x4  
  69  9:14  Adept  
  69  9:15  Adept x3  
  77  9:17  Colossus  
  81  9:41  Blink  
  81  9:48  Stalker x5  
  91  10:11  Nexus  
  87  10:27  Stalker  
  87  10:28  Stalker x3  
  95  10:49  Colossus  
  101  11:05  Stalker x2  
  101  11:06  Stalker x3  
  103  11:11  Probe x2  
  97  11:23  Probe  
  98  11:41  Zealot x3  
  98  11:42  Zealot x5  
  104  12:11  Colossus  
  108  12:22  Probe x3  
  103  12:34  Probe x3  
  103  12:36  Templar Archives  
  94  12:37  Zealot  
  94  12:38  Zealot x5  
  94  12:40  Zealot  
  108  12:45  Zealot  
  108  12:46  Probe x2  
  112  12:59  Probe x3  
  112  13:02  Pylon  
  115  13:05  Assimilator  
  115  13:09  Assimilator  
  115  13:11  Probe  
  116  13:19  Colossus  
  122  13:24  Probe x3  
  125  13:31  Pylon  
  125  13:34  Pylon  
  125  13:36  Probe x2  
  103  14:00  Stalker x2  
  103  14:01  Stalker x5  
Show
View Real Time Build Order
Export as new Build Order

Sketchaphone Zerg - Winner!

Build Orders: Hatch First, Swarm Host 

Get SALT Encoding   

  12  0:01  Drone  
  13  0:13  Overlord  
  13  0:18  Drone  
  14  0:31  Drone x2  
  16  0:37  Drone  
  17  0:58  Drone  
  17  1:00  Hatchery  
  17  1:01  Extractor  
  17  1:03  Drone  
  17  1:13  Drone  
  18  1:22  Spawning Pool  
  17  1:27  Drone  
  17  1:28  Drone  
  19  1:39  Overlord  
  19  1:50  Drone  
  20  2:02  Drone  
  21  2:08  Metabolic Boost  
  21  2:09  Queen  
  21  2:11  Queen  
  21  2:14  Drone  
  26  2:23  Zergling x2  
  26  2:25  Drone x2  
  29  2:35  Roach Warren  
  28  2:50  Overlord  
  28  2:52  Drone  
  28  2:53  Drone  
  28  2:54  Overlord  
  30  2:59  Drone  
  30  3:00  Zergling x2  
  32  3:16  Roach x3  
  38  3:21  Roach x3  
  38  3:25  Drone x2  
  46  3:33  Roach x2  
  50  3:38  Roach  
  52  3:42  Overlord  
  52  3:53  Overlord  
  52  3:58  Overlord  
  52  4:04  Lair  
  51  4:25  Roach  
  51  4:26  Overlord  
  51  4:30  Drone x11, Extractor  
  63  4:33  Extractor  
  63  4:35  Extractor  
  61  4:57  Evolution Chamber, Drone x7  
  61  4:58  Evolution Chamber  
  54  5:22  Overlord  
  54  5:23  Zerg Ground Armor Level 1  
  54  5:25  Zerg Missile Weapons Level 1  
  54  5:27  Glial Reconstitution  
  54  5:29  Drone x2  
  56  5:42  Overlord  
  48  5:52  Hatchery  
  48  5:55  Drone x3  
  48  5:56  Drone x2  
  52  5:57  Overlord  
  52  5:59  Overlord  
  54  6:04  Roach x2  
  54  6:05  Roach  
  58  6:19  Pneumatized Carapace  
  57  6:44  Queen  
  57  6:45  Hydralisk Den  
  57  6:46  Overlord  
  58  6:52  Roach  
  58  6:53  Roach x6  
  72  7:07  Roach x5, Hatchery  
  81  7:15  Grooved Spines  
  81  7:18  Zerg Ground Armor Level 2  
  81  7:22  Evolution Chamber  
  80  7:26  Roach  
  80  7:27  Roach x4  
  80  7:28  Zergling x4  
  92  7:33  Ravager  
  94  7:50  Zergling x8  
  97  7:55  Spire, Burrow  
  94  8:00  Overlord x2  
  94  8:03  Infestation Pit, Hatchery  
  66  8:22  Roach  
  66  8:24  Roach x7  
  71  8:31  Roach x3  
  76  8:36  Roach  
  76  8:39  Zergling x6  
  60  9:09  Roach, Zergling x16  
  42  9:34  Roach, Drone x2  
  42  9:35  Drone x7  
  53  9:41  Drone x2  
  53  9:43  Drone x3  
  53  9:45  Queen  
  59  10:06  Hydralisk x3  
  63  10:08  Roach x2  
  68  10:24  Overlord  
  68  10:25  Queen x3  
  74  10:29  Drone x8  
  79  10:48  Roach  
  79  10:49  Roach x7  
  93  11:04  Zergling x14  
  94  11:24  Zergling x14  
  101  11:27  Ravager x2  
  103  11:33  Drone x2  
  103  11:37  Queen  
  94  11:50  Roach x7  
  94  11:51  Zerg Missile Weapons Level 2  
  102  11:59  Zergling x2  
  97  12:19  Zergling x30  
  106  12:30  Extractor  
  106  12:32  Drone x2, Extractor  
  106  12:33  Drone x2, Extractor  
  101  13:17  Swarm Host x6  
  119  13:20  Zergling x32  
  135  13:31  Swarm Host  
  131  13:54  Hydralisk x2  
  134  14:01  Roach  
Tags
 
Add a new tag
Caveats
  • Supply blocks, unpowered buildings, or Contaminate may cause inaccurate times.
  • Supply counts are checked every 10 seconds.